 Dungeon Crawl Stone Soup version 0.25-a0-829-g4e6a552925 (webtiles) character file.

Game seed: 6231260906639631859, levelgen mode: deterministic

3843 kae the Destroyer (level 10, -1/50 HPs)
             Began as a Tengu Air Elementalist on Apr 21, 2020.
             Slain by a wyvern (13 damage)
             ... on level 8 of the Dungeon.
             The game lasted 00:11:11 (9709 turns).

kae the Destroyer (Tengu Air Elementalist)          Turns: 9709, Time: 00:11:11

Health: -1/50      AC:  8    Str: 10    XL:     10   Next: 18%
Magic:  14/21      EV: 15    Int: 20    God:
Gold:   519        SH:  5    Dex: 14    Spells: 7/22 levels left

rFire    + . .     SeeInvis .   l - +2 war axe (freeze)
rCold    x . .     Gourm    .   (no shield)
rNeg     . . .     Faith    .   C - +1 steam dragon scales
rPois    .         Spirit   .   (helmet restricted)
rElec    .         Reflect  +   (no cloak)
rCorr    .         Harm     .   (no gloves)
MR       .....                  (boots unavailable)
Stlth    ++........             u - +5 amulet of reflection
HPRegen  0.16/turn              o - +3 ring of slaying
MPRegen  0.17/turn              v - ring of fire

@: flying quickly and evasively, quick
A: beak, talons 3, yellow scales 1, blink, clever 1, able to fly
a: Stop Flying, Blink


You were on level 8 of the Dungeon.
You were not hungry.

You visited 2 branches of the dungeon, and saw 9 of its levels.
You also visited: Sewer and Ossuary.

You collected 519 gold pieces.

Inventory:

Hand Weapons
 e - a +2 flail
 l - a +2 war axe of freezing (weapon)
Armour
 a - a +0 robe
 C - +1 steam dragon scales (worn)
Jewellery
 i - an uncursed ring of ice
 o - a +3 ring of slaying (left hand)
 t - an uncursed amulet of rage
 u - a +5 amulet of reflection (around neck)
 v - a ring of fire (right hand)
Wands
 n - a wand of polymorph (6)
 r - a wand of paralysis (8)
 B - a wand of digging (4)
Scrolls
 j - 7 scrolls of identify
 m - 2 scrolls of remove curse
 p - 8 scrolls of teleportation
 s - 3 scrolls of amnesia
 y - a scroll of immolation
Potions
 b - 7 potions of flight
 d - 2 potions of magic
 f - 2 potions of berserk rage
 g - 2 potions of mutation
 h - a potion of curing
 k - a potion of ambrosia
 q - a potion of brilliance
 z - a potion of might
 A - 2 potions of lignification
Comestibles
 c - 8 rations
 w - 3 chunks of flesh


   Skills:
 - Level 2.1 Dodging
 - Level 2.0 Stealth
 + Level 6.8 Spellcasting
 * Level 12.8 Conjurations
 + Level 10.1 Air Magic


You had 7 spell levels left.
You knew the following spells:

 Your Spells              Type           Power        Failure   Level  Hunger
a - Shock                 Conj/Air       ####         1%          1    None
b - Static Discharge      Conj/Air       ######..     1%          3    #......
c - Airstrike             Air            #####.....   1%          4    ###....
d - Lightning Bolt        Conj/Air       ######....   2%          5    #####..
e - Swiftness             Chrm/Air       ####....     1%          2    None

Your spell library contained the following spells:

 Spells                   Type           Power        Failure   Level  Hunger


Dungeon Overview and Level Annotations

Branches:
Dungeon (8/15)             Temple (1/1) D:7           Sewer (visited)
Ossuary (visited)
   Lair: D:8-11

Altars:
Ashenzari
Dithmenos
Fedhas
Gozag
Kikubaaqudgha
Nemelex Xobeh
Okawaru
Qazlal
Sif Muna
Trog
Uskayaw
Wu Jian
Zin

Annotations:
D:7 Prince Ribbit


Innate Abilities, Weirdness & Mutations

You have a beak for a mouth.
You have claws for feet.
You can fly continuously.
You are partially covered in yellow scales. (AC +2)
You can translocate small distances at will.
Your mind is acute. (Int +2)


Message History

The giant cockroach is too close now for your liking.
A giant cockroach is nearby!
A giant cockroach is nearby!
A wyvern comes into view.
The wyvern hisses angrily.
A two-headed ogre comes into view.
It is wielding a +0 dire flail and a +0 giant club.
You completely miss the giant cockroach.
The two-headed ogre shouts in stereo!
You peck the giant cockroach.
The giant cockroach is severely wounded.
The giant cockroach misses you.
You slash the giant cockroach! You freeze the giant cockroach.
You kill the giant cockroach!
The wyvern barely misses you.
You closely miss the wyvern. The wyvern bites you. The wyvern bites you!
You are too injured to fight recklessly!
The wyvern bites you!
* * * LOW HITPOINT WARNING * * *
The wyvern bites you!
You die...

#.# #<# #.#
###########.#
#.[.......).#
#.......###.#
#######.#รท###.# #.#
..........# #.###.####
....###..@###.........
........l.............
#..............##.###.
........O.........#
#....#..............
#.........##...#####
................#
#.#..#..#.........
#..........)......


You could see a two-headed ogre and a wyvern.

Vanquished Creatures
  Maggie (D:7)
  Grinder (D:3)
  A hippogriff (D:7)
  An acid dragon (D:7)
  Duvessa (D:7)
  An ice beast (D:5)
  A phantom (D:6)
  2 orc warriors (D:7)
  A boggart (Sewer)
  2 ogres
  A centaur (D:6)
  6 bullfrogs
  A gnoll sergeant (D:5)
  Dowan (D:7)
  3 scorpions
  9 wights
  A howler monkey (D:7)
  5 crimson imps
  A centaur zombie (D:2)
  2 bullfrog skeletons
  A hound (D:6)
  A human zombie (Ossuary)
  4 orc priests
  Ijyb (D:5)
  7 orc wizards
  6 worker ants
  A big kobold zombie (Ossuary)
  A hound skeleton (D:6)
  A hound zombie (D:5)
  3 mummies (Ossuary)
  A howler monkey zombie (D:5)
  8 gnolls
  6 adders
  2 shadow imps
  An ooze (D:1)
  3 adder zombies (Ossuary)
  An adder skeleton (D:4)
  3 worms
  3 dart slugs
  9 leopard geckos
  30 orcs
  15 bats
  6 giant cockroaches
  10 goblins
  11 hobgoblins
  11 jackals
  12 kobolds
  4 quokkas
  5 frilled lizards
  A goblin zombie (Ossuary)
  2 hobgoblin zombies (Ossuary)
  5 kobold zombies (Ossuary)
  3 quokka zombies (Ossuary)
  7 rats
  2 rat zombies (Ossuary)
229 creatures vanquished.

Vanquished Creatures (others)
  An orc (D:6)
1 creature vanquished.

Grand Total: 230 creatures vanquished

Notes
Turn   | Place    | Note
-------+----------+-------------------------------------------
     0 | D:1      | kae the Tengu Air Elementalist began the quest for the Orb.
     0 | D:1      | Reached XP level 1. HP: 10/10 MP: 4/4
   143 | D:1      | Reached skill level 2 in Conjurations
   143 | D:1      | Reached XP level 2. HP: 3/15 MP: 0/6
   490 | D:1      | Reached XP level 3. HP: 12/19 MP: 0/7
   637 | D:1      | Reached skill level 3 in Conjurations
  1310 | D:2      | Reached XP level 4. HP: 22/24 MP: 4/8
  1707 | D:2      | Reached skill level 4 in Conjurations
  1709 | D:2      | Reached skill level 5 in Air Magic
  1802 | D:2      | Gained mutation: You can fly continuously. [Tengu growth]
  1802 | D:2      | Reached XP level 5. HP: 21/28 MP: 7/10
  2336 | D:2      | Learned a level 3 spell: Static Discharge
  2341 | D:2      | Learned a level 4 spell: Airstrike
  2405 | D:3      | Reached skill level 5 in Conjurations
  2656 | D:3      | Found a glowing drain.
  2670 | Sewer    | Entered a sewer
  2762 | Sewer    | Noticed a crocodile
  2763 | Sewer    | Noticed a boggart
  2763 | Sewer    | a crocodile changed into a boggart
  2772 | Sewer    | Killed a boggart
  2772 | Sewer    | Reached XP level 6. HP: 32/32 MP: 4/12
  3006 | D:3      | Noticed Grinder
  3020 | D:3      | Paralysed by Grinder for 5 turns
  3025 | D:3      | Gained mutation: You are partially covered in yellow
                  | scales. (AC +2) [potion of mutation]
  3025 | D:3      | Gained mutation: You can translocate small distances at
                  | will. [potion of mutation]
  3025 | D:3      | Gained mutation: Your mind is acute. (Int +2) [potion of
                  | mutation]
  3033 | D:3      | Killed Grinder
  3033 | D:3      | Reached skill level 6 in Conjurations
  3033 | D:3      | Reached XP level 7. HP: 32/36 MP: 7/13
  3262 | D:3      | Reached skill level 7 in Conjurations
  4073 | D:4      | Learned a level 5 spell: Lightning Bolt
  4094 | D:4      | Found a hide-covered altar of Uskayaw.
  4422 | D:4      | Found a shattered altar of Ashenzari.
  4843 | D:4      | Reached skill level 8 in Conjurations
  5018 | D:4      | Reached XP level 8. HP: 41/41 MP: 5/15
  5223 | D:5      | Entered Level 5 of the Dungeon
  5313 | D:5      | Found a sparkling altar of Nemelex Xobeh.
  5603 | D:5      | Reached skill level 9 in Conjurations
  5984 | D:5      | Noticed Ijyb
  5990 | D:5      | Killed Ijyb
  5990 | D:5      | Reached skill level 5 in Spellcasting
  6164 | D:5      | Reached skill level 10 in Conjurations
  6236 | D:5      | Found an ornate altar of the Wu Jian Council.
  6483 | D:6      | Reached XP level 9. HP: 15/45 MP: 4/18
  6863 | D:6      | Learned a level 2 spell: Swiftness
  7044 | D:6      | Reached skill level 11 in Conjurations
  7579 | D:7      | Noticed Prince Ribbit
  7624 | D:7      | Found a sand-covered staircase.
  7629 | Ossuary  | Entered an ossuary
  8215 | D:7      | Noticed Duvessa
  8217 | D:7      | Noticed Dowan
  8426 | D:7      | Killed Duvessa
  8427 | D:7      | HP: 1/45 [Dowan/shard of ice (21)]
  8431 | D:7      | Killed Dowan
  8684 | D:7      | Reached skill level 12 in Conjurations
  8717 | D:7      | Noticed Maggie
  8863 | D:7      | Found a staircase to the Ecumenical Temple.
  8926 | D:7      | Reached XP level 10. HP: 50/50 MP: 20/20
  8962 | Temple   | Entered the Ecumenical Temple
  9415 | D:7      | Killed Maggie
  9415 | D:7      | Reached skill level 10 in Air Magic
  9704 | D:8      | Noticed a two-headed ogre
  9709 | D:8      | Slain by a wyvern

Levels and vault maps discovered:
D:1:      dpeg_arrival_another_circle, layout_basic
D:2:      layout_loops_corners, serial_forest, infiniplex_forest_straight_3,
          infiniplex_forest_clump_small, infiniplex_forest_zigzag_2,
          infiniplex_forest_lined_3, minmay_misc_feat_rugged,
          kennysheep_generic_room_4
D:3:      minmay_chambers_of_twos, layout_basic, portal_sewer_entry_a,
          uniq_grinder
D:4:      layout_loops_cross, lemuel_round_altar, ashenzari_altar_1
D:5:      layout_loops_ring, nicolae_overflow_hidden_temple,
          nemelex_xobeh_ov_fountains_minmay, first_ration, uniq_ijyb
D:6:      layout_basic
D:7:      layout_basic, minmay_temple_entry_overgrown, enter_ossuary_2,
          uniq_duvessa, uniq_prince_ribbit1, uniq_maggie
D:8:      layout_basic, chequers_temple_overflow_statue_of_worship,
          lemuel_round_altar, chequers_temple_overflow_minitemple
Temple:   jpeg_temple_island

Skill      XL: |  1  2  3  4  5  6  7  8  9 10 |
---------------+-------------------------------+-----
Conjurations   | 2 3 4 5 6 8 10 12 | 12.8
Air Magic      | 5 6 7 8 9 10 | 10.1
Spellcasting   | 3 4 5 6 |  6.8
Dodging        | |  2.1
Stealth        | |  2.0

Action                   |  1- 3 |  4- 6 |  7- 9 | 10-12 || total
-------------------------+-------+-------+-------+-------++-------
Melee: Unarmed           |     5 |       |       |       ||     5
       Kick              |     7 |     7 |    33 |     1 ||    48
       Peck              |     1 |     2 |    23 |     2 ||    28
       Flail             |    20 |    37 |    20 |       ||    77
       War axe           |       |       |   125 |     9 ||   134
 Cast: Shock             |    45 |    88 |   237 |     7 ||   377
       Static Discharge  |       |       |    11 |       ||    11
       Lightning Bolt    |       |       |     5 |     3 ||     8
       Airstrike         |       |       |     8 |     7 ||    15
 Abil: Fly               |       |     1 |       |       ||     1
Evoke: Wand              |       |     4 |       |       ||     4
  Use: Scroll            |       |     6 |     7 |     4 ||    17
       Potion            |       |     5 |     2 |       ||     7
 Stab: Sleeping          |     1 |     3 |     2 |       ||     6
       Distracted        |       |       |     1 |       ||     1
  Eat: Chunk             |     2 |     5 |    18 |       ||    25
       Ration            |       |       |     1 |     1 ||     2
Armor: Robe              |     4 |     6 |    42 |       ||    52
       Steam dragon scal |       |       |       |     1 ||     1
Dodge: Dodged            |    19 |    30 |   156 |     9 ||   214
Block: Other             |       |       |    23 |     2 ||    25
       Reflection        |       |       |     1 |       ||     1

Table legend:
 A = Non-vault XP
 B = Vault XP
 C = Vault XP percentage of total XP
 D = Non-vault monster count
 E = Vault monster count
 F = Vault count percentage of total count
                 A         B        C        D         E       F
            +---------+---------+-------+---------+---------+-------
      Total |    4251 |    1239 |  22.6 |     187 |      43 |  18.7
            +---------+---------+-------+---------+---------+-------
        D:1 |      67 |       0 |   0.0 |      28 |       0 |   0.0
        D:2 |     164 |       1 |   0.6 |      25 |       1 |   3.8
        D:3 |     108 |     303 |  73.7 |      28 |      11 |  28.2
        D:4 |     466 |       0 |   0.0 |      23 |       0 |   0.0
        D:5 |     925 |      36 |   3.7 |      32 |       1 |   3.0
        D:6 |    1141 |       0 |   0.0 |      31 |       0 |   0.0
        D:7 |    1087 |     622 |  36.4 |      16 |       3 |  15.8
        D:8 |     293 |       0 |   0.0 |       4 |       0 |   0.0
      Sewer |       0 |     124 | 100.0 |       0 |       6 | 100.0
    Ossuary |       0 |     153 | 100.0 |       0 |      21 | 100.0
            +---------+---------+-------+---------+---------+-------
